 Dungeon Crawl Stone Soup version 0.14-a0-2162-g062a2ce (webtiles) character file.

168 RedPan the Spear-Bearer (level 5, -8/38 HPs)
             Began as a Merfolk Gladiator on Jan 29, 2014.
             Mangled by an orc warrior
             ... wielding a +0,+1 orcish war axe
              (16 damage)
             ... on Level 2 of the Dungeon.
             The game lasted 00:07:14 (1973 turns).

RedPan the Spear-Bearer (Merfolk Gladiator)         Turns: 1973, Time: 00:07:15

HP  -8/38        AC  8     Str 16      XL: 5   Next:  2%
MP   5/5         EV 13     Int  7      God:
Gold 50          SH  0     Dex 15      Spells:  0 memorised,  4 levels left

rFire  . . .     SeeInvis .     a - +0 trident
rCold  . . .     Clarity  .     e - +0 orc ring mail
rNeg   . . .     Conserve +     (no shield)
rPois  .         rCorr    +     c - +0 helmet
rElec  .         rRot     .     u - +1 cloak {rCorr, Cons}
SustAb . .       Spirit   .     (no gloves)
rMut   .         Warding  .     (no boots)
Saprov . . .     Stasis   .     (no amulet)
MR     .....                    (no ring)
                                j - +3 ring of evasion

@: not resistant to hostile enchantments, very unstealthy
A: change form in water, swift swim
a: no special abilities


You were on level 2 of the Dungeon.
You were not hungry.

You visited 1 branch of the dungeon, and saw 3 of its levels.

You collected 50 gold pieces.

Inventory:

Hand weapons
 a - a +0,+0 trident (weapon)
Missiles
 d - 2 throwing nets (quivered)
Armour
 c - a +0 helmet (worn)
 e - a +0 orcish ring mail (worn)
 u - a +1 cloak of preservation (worn)
Magical devices
 r - a wand of slowing (13)
Comestibles
 f - a bread ration
 s - 3 lemons
 t - 2 chunks of gnoll flesh
Scrolls
 b - a scroll of fear {unknown}
 g - 2 scrolls of enchant armour {unknown}
 k - 2 scrolls of enchant weapon I {unknown}
 l - 2 scrolls of teleportation {unknown}
 n - 2 scrolls of enchant weapon II {unknown}
 p - a scroll of recharging {unknown}
 q - a scroll of identify {unknown}
Jewellery
 j - a +3 ring of evasion (left hand)
Potions
 h - a potion of might {unknown}
 i - a potion of beneficial mutation {unknown}
 m - 3 potions of mutation {unknown}
 o - a potion of porridge


   Skills:
 - Level 2.1 Fighting
 + Level 8.0 Polearms
 - Level 2.0 Throwing
 - Level 4.0 Dodging


You had 4 spell levels left.
You didn't know any spells.

Dungeon Overview and Level Annotations

Branches:
Dungeon (3/16)

Altars:


Message History

The net rips apart, and the orc warrior comes free!
Evoke which item? (* to show all) (? for menu, Esc to quit)
Attack whom?
Press: ? - help, Dir - move target cursor, f/p - orc warrior
Aim: an orc warrior, wielding an orcish war axe and wearing an orcish chain mail (severely wounded)
You hit the orc warrior but do no damage.
The orc warrior is severely wounded.
The orc warrior hits you with an orcish war axe.
* * * LOW HITPOINT WARNING * * *
You are too injured to fight recklessly!
You are too injured to fight recklessly!
You closely miss the orc warrior.
The orc warrior is severely wounded.
The orc warrior barely misses you.
You hit the orc warrior but do no damage.
The orc warrior is severely wounded.
You closely miss the orc warrior.
The orc warrior is severely wounded.
The orc warrior hits you with an orcish war axe!
You die...

...............# #.......#
)###%..........# #.......#
.###...........# #.......#
.....###...%...# #.......#
.##### ######.## #.......# .#
##.####..######
.###########........#
....................#
############....@...# #
#...o....# #
#.......########## #
#.....(..........#
############>...............#
............................#
############................#
#######......###########
######.(......####........#


You could see an orc warrior.

Vanquished Creatures
  Crazy Yiuf (D:2)
  3 adders (D:2)
  A worm (D:2)
  2 giant geckos (D:2)
  An orc (D:3)
  3 giant cockroaches
  7 goblins
  4 hobgoblins
  3 jackals (D:1)
  6 kobolds
  6 bats
  4 giant newts
  A quokka (D:2)
  11 rats
53 creatures vanquished.

Vanquished Creatures (others)
  5 toadstools (D:1)
5 creatures vanquished.

Grand Total: 58 creatures vanquished

Notes
Turn   | Place    | Note
--------------------------------------------------------------
     0 | D:1      | RedPan, the Merfolk Gladiator, began the quest for the Orb.
     0 | D:1      | Reached XP level 1. HP: 16/16 MP: 1/1
    39 | D:1      | Reached skill level 5 in Polearms
    77 | D:1      | Reached XP level 2. HP: 22/22 MP: 2/2
   606 | D:1      | Reached XP level 3. HP: 27/27 MP: 3/3
   734 | D:1      | Reached skill level 6 in Polearms
  1329 | D:2      | Reached skill level 7 in Polearms
  1329 | D:2      | Reached XP level 4. HP: 23/33 MP: 4/4
  1805 | D:2      | Noticed Crazy Yiuf
  1812 | D:2      | Killed Crazy Yiuf
  1823 | D:2      | Identified a +1 cloak of preservation (You took it off Crazy Yiuf on level 2 of the Dungeon)
  1858 | D:2      | Reached skill level 8 in Polearms
  1858 | D:2      | Reached XP level 5. HP: 38/38 MP: 5/5
  1937 | D:3      | Noticed an orc warrior
  1973 | D:2      | Mangled by an orc warrior

Action                   |  1- 3 |  4- 6 || total
-------------------------+-------+-------++-------
Melee: Trident           |   164 |    69 ||   233
Throw: Throwing net      |       |     1 ||     1
 Stab: Held in net/web   |       |     1 ||     1
